 Dungeon Crawl Stone Soup version 0.22-a0 (webtiles) character file.

639243 KarmaPolice the Vampiric Blade (level 27, -7/198 HPs)
             Began as a Vampire Assassin on Sept 28, 2017.
             Was the Champion of Kikubaaqudgha.
             Killed from afar by a hellion (29 damage)
             ... with damnation
             ... on level 1 of Gehenna on Dec 31, 2017.
             The game lasted 16:20:15 (140378 turns).

KarmaPolice the Vampiric Blade (Vampire Assassin) Turns: 140378, Time: 16:20:15

Health: -7/198     AC:  0    Str: 14      XL:     27
Magic:  38/39      EV: 41    Int: 16 (17) God:    Kikubaaqudgha [******]
Gold:   8820       SH:  0    Dex: 24      Spells: 9/60 levels left

rFire    . . .     SeeInvis +   (weapon currently unavailable)
rCold    + + .     Gourm    .   (shield currently unavailable)
rNeg     + + +     Faith    .   (armour currently unavailable)
rPois    ∞         Spirit   .   (helmet currently unavailable)
rElec    .         Reflect  .   (cloak currently unavailable)
rCorr    .         Harm     .   (gloves currently unavailable)
MR       ++...                  (boots currently unavailable)
Stlth    ++++++....             y - amulet of regeneration
HPRegen  0.00/turn              (ring currently unavailable)
MPRegen  0.26/turn              (ring currently unavailable)

@: bat-form, flying, bloodless, non-regenerating, very quick
A: tiny, fangs 3, see invisible, berserk 1, deterioration 1, low mp 1, weak 1,
no potion heal 1, subdued magic 3, MP-powered wands
}: 3/15 runes: decaying, silver, gossamer
a: End Transformation, Receive Corpses, Torment, Brand Weapon With Pain, Receive
Necronomicon, Renounce Religion


You were on level 1 of Gehenna.
You worshipped Kikubaaqudgha.
Kikubaaqudgha was exalted by your worship.
You were bloodless.
You were in vampire-bat-form.
You visited 14 branches of the dungeon, and saw 55 of its levels.
You visited the Abyss 3 times.
You also visited: Labyrinth and Trove.

You collected 10993 gold pieces.
You spent 2173 gold pieces at shops.

Inventory:

Hand Weapons
 B - the +2 glaive "Qiax" {vamp, rElec rF+ rC+ Stlth-}
   (You took it off a deep elf elementalist on level 3 of the Elven Halls)

   It inflicts no extra harm, but heals its wielder when it wounds a living foe.
   It protects you from fire.
   It protects you from cold.
   It insulates you from electricity.
   It makes you less stealthy.
 C - the +4 dagger "Morg" {pain, MR+ Int+5}
   (You found it on level 2 of the Elven Halls)

   In the hands of one skilled in necromantic magic, it inflicts extra damage on
   living creatures.
   It affects your intelligence (+5).
   It affects your resistance to hostile enchantments.
 O - a +0 demon whip of draining
 X - the +9 long sword of Disgust {drain, rF+}
   (You found it on level 11 of the Dungeon)

   A truly terrible weapon, it drains the life of those it strikes.
   It protects you from fire.
 Y - the +10 great sword of Slow Death (melded) {slice, Str+2}
   (You found it on level 3 of the Abyss)

   It inflicts extra damage upon your enemies.
   It affects your strength (+2).
Armour
 x - the +0 cloak of the Lumpy Dances {rN+ Str+2 Stlth+}
   (You found it on level 5 of the Dungeon)

   It affects your strength (+2).
   It protects you from negative energy.
   It makes you more stealthy.
 z - a +2 pair of gloves of strength (melded)
 E - a +2 helmet (melded)
 L - a +1 shield of protection
 P - a +1 pair of boots of stealth (melded)
 T - the +2 cloak "Ritwi" (melded) {rF+ MP+9 Stlth+}
   (You found it on level 3 of the Crypt)

   It protects you from fire.
   It affects your magic capacity (+9).
   It makes you more stealthy.
 W - +12 gold dragon scales (melded)
 Z - the +8 plate armour "Tyipuom" {rPois MR+ Str+4 Stlth+}
   (You found it on level 3 of the Abyss)

   It affects your strength (+4).
   It protects you from poison.
   It affects your resistance to hostile enchantments.
   It makes you more stealthy.
Jewellery
 a - the amulet of Xom's Benevolence {Spirit rElec MR+}
   (You found it on level 1 of the Depths)

   [amulet of guardian spirit]

   It causes incoming damage to be split between your health and magic.
   It insulates you from electricity.
   It affects your resistance to hostile enchantments.
 f - the ring "Maonoc" (melded) {rF+ Str+4 Dex+3 SInv Stlth+}
   (You took it off a deep elf annihilator on level 3 of the Elven Halls)

   [ring of dexterity]

   It affects your strength (+4).
   It affects your dexterity (+3).
   It protects you from fire.
   It lets you see invisible.
   It makes you more stealthy.
 h - an uncursed ring of resist corrosion
 o - an uncursed amulet of magic regeneration
 y - an amulet of regeneration (around neck)
 H - the ring of Nameil {-Tele *Contam rElec Int+3 Slay+5}
   (You found it in a treasure trove)

   [ring of intelligence]

   It affects your intelligence (+3).
   It affects your accuracy and damage with ranged weapons and melee attacks
   (+5).
   It insulates you from electricity.
   It prevents most forms of teleportation.
   It causes magical contamination when unequipped.
 R - the ring of the Snail (melded) {rElec rPois Str+3 Int+4 Dex+2}
   (You took it off a minotaur in a labyrinth)

   [ring of intelligence]

   It affects your strength (+3).
   It affects your intelligence (+4).
   It affects your dexterity (+2).
   It insulates you from electricity.
   It protects you from poison.
Wands
 i - a wand of digging (16)
Scrolls
 c - 13 scrolls of enchant weapon
 j - 2 scrolls of silence
 k - 15 scrolls of amnesia
 l - 2 scrolls of enchant armour
 n - 40 scrolls of remove curse
 p - a scroll of blinking
 r - 6 scrolls of teleportation
 s - 7 scrolls of magic mapping
 u - 3 scrolls of fear
 G - 3 scrolls of brand weapon
 I - 7 scrolls of fog
 M - 5 scrolls of identify
 Q - 4 scrolls of immolation
Potions
 d - 6 potions of haste
 e - a potion of heal wounds
 g - a potion of cancellation
 m - a potion of invisibility
 v - 7 potions of ambrosia
 w - 13 potions of curing
 D - a potion of magic
 J - a potion of experience
 K - 2 potions of flight
 N - a potion of resistance
 V - 5 potions of brilliance
Books
 t - Nutar's Tome of Flight and Transformation
   (You found it on level 5 of the Vaults)

   Spells                             Type                      Level
   a - Swiftness                      Charms/Air                   2
   b - Poisonous Vapours              Poison/Air                   2
   c - Mephitic Cloud                 Conjuration/Poison/Air       3
   d - Ignite Poison                  Fire/Transmutation/Poison    3
   e - Petrify                        Transmutation/Earth          4
   f - Deflect Missiles               Charms/Air                   6
 A - a book of Death

   Spells                             Type                      Level
   a - Corpse Rot                     Necromancy                   2
   b - Sublimation of Blood           Necromancy                   2
   c - Agony                          Necromancy                   5
   d - Dispel Undead                  Necromancy                   5
   e - Excruciating Wounds            Charms/Necromancy            5
   f - Bolt of Draining               Conjuration/Necromancy       5
 F - a book of Maledictions

   Spells                             Type                      Level
   a - Corona                         Hexes                        1
   b - Ensorcelled Hibernation        Hexes/Ice                    2
   c - Confuse                        Hexes                        3
   d - Tukima's Dance                 Hexes                        3
   e - Dazzling Spray                 Conjuration/Hexes            3
 U - a book of Enchantments

   Spells                             Type                      Level
   a - Cause Fear                     Hexes                        4
   b - Yara's Violent Unravelling     Hexes/Transmutation          5
   c - Silence                        Hexes/Air                    5
   d - Deflect Missiles               Charms/Air                   6
   e - Discord                        Hexes                        8
Miscellaneous
 q - the horn of Geryon


   Skills:
 + Level 12.4 Fighting
 - Level 11.8(20.5) Short Blades
 + Level 24.2(24.8) Long Blades
 - Level 2.1 Throwing
 - Level 15.1 Armour
 + Level 19.8 Dodging
 - Level 5.8 Stealth
 + Level 14.2 Shields
 - Level 17.2 Spellcasting
 - Level 2.3 Conjurations
 - Level 14.5 Hexes
 - Level 7.6 Charms
 - Level 6.2 Summonings
 - Level 17.4 Necromancy
 - Level 8.3 Air Magic


You had 9 spell levels left.
You knew the following spells:

 Your Spells              Type           Power        Failure   Level  Hunger
a - Dazzling Spray        Conj/Hex       ###...       1%          3    None
b - Control Undead        Necr           #####.....   0%          4    None
c - Confuse               Hex            ####....     0%          3    None
d - Tukima's Dance        Hex            ####....     0%          3    None
e - Animate Dead          Necr           N/A          0%          4    None
f - Dispel Undead         Necr           #####...     0%          5    ####...
g - Blink                 Tloc           N/A          3%          2    None
h - Regeneration          Chrm/Necr      ####......   0%          3    None
i - Death Channel         Necr           #####.....   1%          6    #####..
j - Recall                Summ/Tloc      N/A          1%          3    None
k - Silence               Hex/Air        ####......   1%          5    ####...
l - Bolt of Draining      Conj/Necr      ###.......   1%          5    ####...
m - Agony                 Necr           #####...     0%          5    ####...


Dungeon Overview and Level Annotations

Branches:
Dungeon (15/15)            Temple (1/1) D:4            Lair (6/6) D:10
  Swamp (4/4) Lair:4       Spider (4/4) Lair:4        Slime (0/5) Lair:5
    Orc (2/2) D:11            Elf (3/3) Orc:2        Vaults (5/5) D:13
  Crypt (3/3) Vaults:2       Tomb (1/3) Crypt:3      Depths (5/5) D:15
   Hell (1/1)                 Dis (0/7) Hell            Geh (1/7) Hell
    Coc (0/7) Hell            Tar (0/7) Hell            Zot (4/5) Depths:5

Altars:
Ashenzari
Cheibriados
Dithmenos
Elyvilon
Fedhas
Gozag
Hepliaklqana
Kikubaaqudgha
Makhleb
Nemelex Xobeh
Okawaru
Qazlal
Ru
Sif Muna
Trog
Uskayaw
Vehumet
Wu Jian
Xom
Yredelemnul
Zin
The Shining One
Beogh
Jiyva

Shops:
D:14 *   Orc:2 ([(*:   Elf:2 !:   Vaults:2 (   Vaults:3 %   Vaults:5 ?%%
Depths:3 (   Depths:5 }[

Portals:
Hell: Depths:1 Depths:2 Depths:3 Depths:4 Depths:5
Abyss: Depths:4 Depths:5
Pandemonium: Depths:3
Ziggurat: Depths:2

Annotations:
D:4 Qupu's ghost, amateur FeCK
D:5 2 transporters
D:8 Thaneod's ghost, novice DEAE
D:12 Azrael
Lair:1 exclusion: oklob plant


Innate Abilities, Weirdness & Mutations

You do not heal naturally.
You are immune to poison.
You have razor-sharp teeth.
You have supernaturally acute eyesight. (SInv)
((You can survive without breathing.))
You tend to lose your temper in combat.
Your body sometimes deteriorates upon taking damage.
Your magical capacity is low. (-10% MP)
You are weak. (Str -2)
Potions are less effective at restoring your health.
Your spells are much easier to cast, but much less powerful.
You expend magic power (3 MP) to strengthen your wands.


Message History

As you read the scroll of teleportation, it crumbles to dust.
You feel strangely unstable. The hell knight barely misses you.
Okay, then.
Your surroundings suddenly seem different.
You turn into a vampire bat.
The +10 great sword of Slow Death {slice, Str+2} melds into your body.
The +2 cloak "Ritwi" {rF+ MP+9 Stlth+} melds into your body.
Your +2 helmet melds into your body.
Your +2 pair of gloves of strength melds into your body.
Your +1 pair of boots of stealth melds into your body.
Your +12 gold dragon scales melds into your body.
The ring of the Snail {rElec rPois Str+3 Int+4 Dex+2} melds into your body.
The ring "Maonoc" {rF+ Str+4 Dex+3 SInv Stlth+} melds into your body.
You feel weaker.
You feel less stealthy.
You feel stupid.
You feel clumsy. The hellion gestures at you.
The sphere of damnation explodes!
The damnation engulfs you!
You die...
Kikubaaqudgha rasps: "You have failed me!
Welcome... oblivion!"

....##........ ...#
....#p.........## ##...
Z...pp..........###...#
.....)..p2............#
......................#
.......>..........#..#
.................##..#
..#......#...........#
###.....###...#.b...##
##.#.## .. ##......#
#### ###....# ####.# ##
# # ##


You could see a hellion.

Vanquished Creatures
  3 ancient liches
  An orb of fire (Zot:3)
  The ghost of Dirtsage the Petrodigitator, a legendary GrFi of the Shining One (Geh:1)
  Sojobo (Vaults:2)
  A juggernaut (Depths:5)
  3 greater mummies (Tomb:1)
  Boris (twice) (Vaults:2 Depths:3)
  Margery (Depths:5)
  Frederick (Vaults:1)
  Bai Suzhen (Depths:2)
  A Killer Klown (Zot:2)
  Geryon (Hell)
  A curse toe (Zot:4)
  9 golden dragons
  Nikola (Swamp:3)
  2 caustic shrikes
  Jory (Vaults:2)
  11 liches
  2 Brimstone Fiends (Geh:1)
  13 tentacled monstrosities
  A quicksilver dragon (Depths:5)
  9 titans
  2 deep elf blademasters (Elf:3)
  3 deep elf master archers
  2 ancient champions
  5 death cobs
  Agnes (D:14)
  10 tengu reavers
  8 sphinxes
  Kirke (Spider:1)
  The ghost of Armakuni the Carver, an adept NaFi of Elyvilon (Swamp:4)
  15 shadow dragons
  2 revenants (Tomb:1)
  12 storm dragons
  2 draconian knights
  12 deep elf sorcerers
  8 fire giants
  2 iron dragons
  A balrug (Hell)
  9 frost giants
  A cacodemon (Depths:1)
  6 ghost moths
  A draconian scorcher (Zot:3)
  4 orc warlords
  6 ghouls (Crypt:1)
  4 draconian shifters (Zot:3)
  15 vault wardens
  3 draconian stormcallers
  6 spriggan defenders
  6 deep elf elementalists
  5 emperor scorpions
  5 draconian annihilators
  10 ironheart preservers
  8 reapers
  19 very ugly things
  2 war gargoyles
  2 entropy weavers (Spider:1)
  20 stone giants
  The ghost of Scuka the Geomancer, a journeyman GrEE of Vehumet (Orc:1)
  8 vampire knights
  5 green draconians
  6 red draconians
  5 black draconians
  2 bennus (Tomb:1)
  6 spark wasps
  10 deep elf demonologists
  6 deep elf annihilators (Elf:3)
  7 white draconians
  10 purple draconians
  2 merfolk javelineers (Depths:4)
  17 ettins
  10 deep elf death magi
  2 yellow draconians
  A blizzard demon (Hell)
  11 eidola
  A minotaur (shapeshifter) (Depths:5)
  A quicksilver dragon zombie (Crypt:3)
  Josephine (Swamp:1)
  3 deep elf high priests
  8 jiangshi
  4 mummy priests
  8 fire dragons
  17 yaktaur captains
  Fannar (D:12)
  A fire dragon (shapeshifter) (Vaults:4)
  27 vault guards
  A quicksilver dragon skeleton (Hell)
  12 great orbs of eyes
  A rakshasa (D:15)
  A merfolk aquamancer (Depths:5)
  2 spriggan air magi
  20 hydras
  Erica (D:11)
  2 ghost crabs
  3 catoblepae
  12 ogre magi
  10 ice dragons
  8 centaur warriors
  31 dancing weapons
  4 death knights
  20 two-headed ogres
  3 alligators
  An alligator (shapeshifter) (Vaults:5)
  9 death yaks
  11 deep troll earth magi
  11 hell hogs
  3 tengu warriors
  A shock serpent (shapeshifter) (Elf:2)
  6 orc high priests
  6 deep troll shamans
  4 spriggan berserkers
  Nergalle (D:11)
  19 deep elf knights
  3 iron golems (Hell)
  13 soul eaters
  6 vampire magi
  2 sun demons
  2 storm dragon zombies
  6 shadow wraiths
  Sonja (D:13)
  An iron troll (Hell)
  15 hell knights
  26 skeletal warriors
  7 titan skeletons
  A sixfirhy (Depths:1)
  2 golden dragon zombies
  2 storm dragon skeletons
  10 flayed ghosts
  An infernal demonspawn (Depths:3)
  7 deep trolls
  2 shambling mangroves
  A gelid demonspawn (Depths:3)
  A torturous demonspawn (Depths:3)
  3 spriggan druids
  2 wizards
  3 anaconda zombies
  2 glowing orange brains
  14 phantasmal warriors
  14 deep elf archers
  3 wolf spider zombies
  A shadow dragon zombie (Crypt:1)
  15 orc knights
  10 swamp dragons
  12 ironbrand convokers
  23 necromancers
  3 anaconda skeletons
  6 harpies
  13 orb spiders
  A harpy (shapeshifter) (Vaults:1)
  2 iron dragon zombies
  28 wolf spiders
  38 ugly things
  2 tengu skeletons
  3 fire giant zombies
  5 human zombies
  5 shadow dragon skeletons
  8 orc sorcerers
  2 manticores (Lair:6)
  4 cyclopes
  3 frost giant zombies
  19 moths of wrath
  47 deep elf magi
  3 iron dragon skeletons
  An elephant (shapeshifter) (Vaults:3)
  4 elephants
  2 fire giant skeletons
  3 dire elephant zombies
  A frost giant skeleton (Tomb:1)
  7 rust devils
  2 stone giant skeletons
  Psyche (D:12)
  An ice statue (D:14)
  11 vault sentinels
  A black mamba (Lair:5)
  A torpor snail (Spider:1)
  2 orange demons (Depths:1)
  13 spiny frogs
  2 hellions (Geh:1)
  A purple draconian zombie (Crypt:3)
  2 rime drakes
  A swamp worm zombie (Crypt:2)
  A white draconian zombie (Crypt:1)
  4 centaur skeletons
  38 yaktaurs
  18 guardian mummies
  An efreet (D:15)
  7 freezing wraiths
  14 hellwings
  5 human skeletons
  6 komodo dragons
  5 red devils
  A yaktaur skeleton (Vaults:4)
  5 tormentors
  6 demonic crawlers
  A jumping spider (shapeshifter) (Vaults:3)
  2 tengu conjurers
  4 trolls
  3 hydra zombies
  5 polar bears
  A harpy skeleton (Crypt:1)
  20 jumping spiders
  27 hornets
  A tyrant leech (Swamp:1)
  2 merfolk (Depths:5)
  3 hydra skeletons
  A fire dragon zombie (Crypt:3)
  10 blink frogs
  A hippogriff (shapeshifter) (Elf:3)
  12 slime creatures
  An ice dragon zombie (Crypt:3)
  3 ettin zombies
  2 blink frogs (shapeshifter)
  5 hippogriffs
  10 bog bodies
  2 alligator zombies (Hell)
  7 flying skulls
  A fire giant simulacrum (Depths:3)
  5 air elementals
  A fire dragon skeleton (Crypt:3)
  A vampire (D:14)
  4 shadows
  26 water elementals
  49 redbacks
  An ettin skeleton (Vaults:4)
  Sigmund (D:3)
  12 spriggans
  4 wyverns
  21 fire elementals
  A yak (shapeshifter) (Depths:2)
  16 tarantellas
  18 wraiths
  28 yaks
  A spriggan simulacrum (Depths:3)
  An ushabti (Tomb:1)
  3 basilisks
  3 fire bats (Depths:1)
  4 hogs (Spider:1)
  15 humans
  A black mamba skeleton (Crypt:3)
  5 hungry ghosts
  8 vampire mosquitoes
  A swamp worm (shapeshifter) (Vaults:1)
  10 wargs
  A soldier ant (D:13)
  A small abomination (Abyss:3)
  A spiny frog zombie (Hell)
  22 swamp worms
  3 hell hounds
  Duvessa (D:7)
  4 acid dragons
  An acid dragon (shapeshifter) (Vaults:5)
  6 porcupines
  8 swamp drakes
  4 floating eyes
  11 water moccasins
  A black bear (shapeshifter) (Vaults:2)
  A floating eye (shapeshifter) (Vaults:5)
  54 orc warriors
  A hornet zombie (D:10)
  3 spiny frog skeletons
  2 black bears
  6 necrophages
  4 sky beasts
  An ice dragon simulacrum (Hell)
  5 ice beasts
  5 phantoms
  6 boggarts
  A tengu (shapeshifter) (Vaults:5)
  22 ogres
  8 wolves
  7 centaurs
  A hog skeleton (Crypt:1)
  8 crocodiles
  2 big kobolds
  A wyvern zombie (D:14)
  7 bullfrogs
  5 earth elementals
  A glowing shapeshifter simulacrum (Vaults:3)
  Dowan (D:7)
  9 wyvern skeletons (Crypt:3)
  7 scorpions
  A troll zombie (Hell)
  A yak zombie (Crypt:1)
  A raiju zombie (Crypt:2)
  A spriggan skeleton (Geh:1)
  2 electric eels (Lair:4)
  2 vampire bats (Lair:6)
  23 wights
  A polar bear skeleton (Crypt:2)
  3 howler monkeys
  8 crimson imps
  2 jellies
  3 centaur zombies
  3 quasits
  2 bullfrog zombies
  5 hounds
  2 bullfrog skeletons
  24 orc priests
  25 orc wizards
  An iguana (D:9)
  An iron imp (Depths:3)
  6 worker ants
  A sky beast zombie (Crypt:2)
  A big kobold zombie (Crypt:1)
  A dwarf skeleton (Crypt:2)
  A hound zombie (D:6)
  A hound skeleton (D:4)
  13 mummies
  A howler monkey zombie (D:9)
  3 worker ant zombies
  11 adders
  2 shadow imps
  An ooze (D:1)
  2 adder skeletons
  An adder zombie (Crypt:2)
  15 worms
  A dart slug (D:3)
  4 leopard geckos
  131 orcs
  A ball python (D:2)
  6 giant cockroaches
  14 goblins
  10 hobgoblins
  12 jackals
  5 quokkas
  18 bats
  3 frilled lizards
  A gnoll zombie (Crypt:2)
  A goblin skeleton (Crypt:1)
  A hobgoblin skeleton (Crypt:2)
  27 kobolds
  6 rats
  4 briar patches (Swamp:4)
  A fungus (Lair:1)
  A plant (Depths:4)
2254 creatures vanquished.

Vanquished Creatures (collateral kills)
  Mara (Swamp:2)
  A juggernaut (Depths:4)
  A greater mummy (Tomb:1)
  the Lernaean hydra (Swamp:4)
  Xtahua (Depths:4)
  A golden dragon (Zot:2)
  Arachne (Spider:2)
  Jorgrun (Spider:2)
  Rupert (Orc:2)
  2 tentacled monstrosities
  A titan (Vaults:5)
  A death cob (Zot:2)
  Frances (D:13)
  5 thorn hunters (Swamp:4)
  6 tengu reavers
  Roxanne (Spider:4)
  2 frost giants (Depths:2)
  A ghost moth (Spider:4)
  Aizul (Swamp:1)
  3 vault wardens
  A deep elf sorcerer (Vaults:2)
  Louise (Swamp:3)
  A draconian stormcaller (Zot:1)
  A spriggan defender (Depths:2)
  A draconian annihilator (Depths:5)
  2 stone giants
  2 entropy weavers
  2 green draconians
  4 black draconians
  2 white draconians
  2 yellow draconians
  A deep elf annihilator (Vaults:5)
  4 bennus (Tomb:1)
  8 ettins
  A fire dragon (Depths:5)
  A minotaur (Lab)
  2 deep elf high priests
  3 great orbs of eyes
  2 yaktaur captains
  3 vault guards
  An ice dragon (Depths:4)
  A hydra (D:15)
  A rakshasa (Depths:2)
  3 centaur warriors
  A ghost crab (Swamp:4)
  A catoblepas (Lair:6)
  A merfolk aquamancer (Depths:5)
  4 alligators
  2 tengu warriors (Depths:2)
  Urug (D:13)
  2 two-headed ogres (Vaults:2)
  2 spriggan berserkers (Depths:2)
  4 deep elf knights
  4 hell knights
  4 spriggans
  5 swamp dragons
  A spriggan druid (Swamp:4)
  2 shambling mangroves
  2 ironbrand convokers
  5 orc knights
  3 deep elf magi
  A necromancer (Depths:3)
  18 wolf spiders
  8 orb spiders
  5 ugly things (Vaults:1)
  3 orc sorcerers
  A fire giant zombie (Geh:1)
  2 moths of wrath (Spider:4)
  A stone giant skeleton (Geh:1)
  2 elephants
  2 vault sentinels
  A spiny frog (Lair:6)
  A torpor snail (Spider:2)
  A rime drake (Lair:6)
  5 yaktaurs
  2 demonic crawlers
  A red devil (Hell)
  6 jumping spiders
  A merfolk (Depths:5)
  8 hornets
  4 blink frogs (Lair:6)
  4 slime creatures
  3 tyrant leeches
  A polar bear (Lair:6)
  7 bog bodies
  2 shadows (Lab)
  2 water elementals (Depths:5)
  26 redbacks
  A spriggan (shapeshifter) (Depths:5)
  A redback (shapeshifter) (Depths:2)
  A fire dragon skeleton (Geh:1)
  2 wraiths
  11 tarantellas
  2 ushabtiu (Tomb:1)
  2 yaks
  A basilisk (D:14)
  3 vampire mosquitoes
  A warg (D:15)
  8 swamp worms
  3 water moccasins
  6 orc warriors
  5 swamp drakes
  A spiny frog skeleton (Hell)
  2 ogres
  A centaur (Vaults:1)
  A wolf (Lair:2)
  2 crocodiles (Lair:2)
  A wyvern zombie (D:14)
  A vampire bat (Lair:6)
  An orc priest (Orc:1)
  4 orc wizards
  A mummy (Tomb:1)
  8 orcs
  2 bats (Lair:6)
  A kobold skeleton (Geh:1)
  4 briar patches (Swamp:4)
  A fungus (Swamp:4)
  3 plants
326 creatures vanquished.

Vanquished Creatures (others)
  A deep elf high priest (Elf:3)
  An ogre mage (Depths:2)
  A hell hog (Geh:1)
  A hell knight (Geh:1)
  A necromancer (Depths:3)
  A moth of wrath (Zot:1)
  A yaktaur (Vaults:2)
  31 dancing weapons
  A fire elemental (Depths:1)
  A human (D:13)
  A wight (Geh:1)
  A crimson imp (Geh:1)
  4 briar patches (Swamp:4)
  A bush (Swamp:4)
  A fire vortex (Depths:1)
  27 fungi
  38 plants
  12 withered plants (Crypt:3)
125 creatures vanquished.

Grand Total: 2705 creatures vanquished

Notes
Turn   | Place    | Note
-------+----------+-------------------------------------------
     0 | D:1      | KarmaPolice the Vampire Assassin began the quest for the Orb.
     0 | D:1      | Reached XP level 1. HP: 16/16 MP: 1/1
   110 | D:1      | Reached XP level 2. HP: 8/22 MP: 2/2
   606 | D:1      | Reached XP level 3. HP: 28/28 MP: 3/3
  1404 | D:2      | Reached XP level 4. HP: 30/35 MP: 4/4
  1412 | D:2      | Upgraded the game from 0.21-a0-297-ga3d34c2 to 0.21-a0-351-g38363bb
  1487 | D:2      | Upgraded the game from 0.21-a0-351-g38363bb to 0.21-a0-396-ga924934
  1500 | D:2      | Upgraded the game from 0.21-a0-396-ga924934 to 0.21-a0-405-gf2af9a1
  2324 | D:3      | Upgraded the game from 0.21-a0-405-gf2af9a1 to 0.21-a0-426-g98080a9
  2377 | D:3      | Upgraded the game from 0.21-a0-426-g98080a9 to 0.21-a0-440-g28109cb
  2655 | D:2      | Reached skill level 1 in Spellcasting
  2655 | D:2      | Reached XP level 5. HP: 39/41 MP: 4/6
  2834 | D:3      | Upgraded the game from 0.21-a0-440-g28109cb to 0.21-a0-442-g848f44b
  2928 | D:3      | Noticed Sigmund
  2935 | D:3      | Killed Sigmund
  2935 | D:3      | Reached XP level 6. HP: 48/48 MP: 5/9
  3123 | D:3      | Found an opulent altar of Gozag.
  3125 | D:3      | Found a basalt altar of Yredelemnul.
  3127 | D:3      | Found a glowing silver altar of Zin.
  3129 | D:3      | Found a radiant altar of Vehumet.
  3130 | D:3      | Found a glowing golden altar of the Shining One.
  3132 | D:3      | Found a blossoming altar of Fedhas.
  3133 | D:3      | Found a shattered altar of Ashenzari.
  3134 | D:3      | Found a stormy altar of Qazlal.
  3222 | D:4      | Upgraded the game from 0.21-a0-442-g848f44b to 0.21-a0-444-g29a2fec
  3614 | D:4      | Noticed Qupu's ghost (amateur FeCK)
  3768 | D:3      | Upgraded the game from 0.21-a0-444-g29a2fec to 0.21-a0-476-gd103f4b
  4131 | D:4      | Found a staircase to the Ecumenical Temple.
  4140 | Temple   | Entered the Ecumenical Temple
  4329 | Temple   | Became a worshipper of Kikubaaqudgha
  4871 | D:4      | Upgraded the game from 0.21-a0-476-gd103f4b to 0.21-a0-513-gdcb3f5e
  5006 | D:5      | Entered Level 5 of the Dungeon
  5010 | D:5      | Found a transporter.
  5450 | D:5      | Reached skill level 5 in Short Blades
  5450 | D:5      | Reached XP level 7. HP: 46/54 MP: 11/11
  5478 | D:5      | Reached skill level 1 in Armour
  5570 | D:5      | Found a hide-covered altar of Uskayaw.
  6050 | D:5      | Found a transporter.
  6097 | D:5      | Got a translucent cloak
  6129 | D:5      | Identified the +0 cloak of the Lumpy Dances {rN+ Str+2 Stlth+} (You found it on level 5 of the Dungeon)
  6766 | D:6      | Learned a level 3 spell: Dazzling Spray
  6816 | D:6      | Reached XP level 8. HP: 60/60 MP: 14/14
  6953 | D:6      | Reached skill level 1 in Hexes
  7183 | D:6      | Reached skill level 1 in Conjurations
  7186 | D:6      | Reached * piety under Kikubaaqudgha
  7186 | D:6      | Identified Kikubaaqudgha's Volume of Necromancy (Kikubaaqudgha gifted it to you on level 6 of the Dungeon)
  7186 | D:6      | Received a gift from Kikubaaqudgha
  7435 | D:6      | Found a deep blue altar of Sif Muna.
  7550 | D:6      | Learned a level 4 spell: Control Undead
  8219 | D:7      | Reached skill level 1 in Necromancy
  8314 | D:7      | Noticed a hippogriff
  8376 | D:7      | Killed a hippogriff
  8376 | D:7      | Reached skill level 5 in Spellcasting
  8791 | D:7      | Reached skill level 5 in Hexes
  8836 | D:7      | Reached XP level 9. HP: 58/65 MP: 13/17
  8985 | D:7      | Noticed Dowan
  8987 | D:7      | Noticed Duvessa
  9034 | D:7      | Killed Duvessa
  9050 | D:7      | Killed Dowan
 10123 | D:6      | Reached ** piety under Kikubaaqudgha
 10549 | D:8      | Noticed Thaneod's ghost (novice DEAE)
 11161 | D:8      | Learned a level 3 spell: Confuse
 12830 | D:9      | Found a bloodstained altar of Trog.
 13078 | D:9      | Reached skill level 5 in Necromancy
 13220 | D:9      | Noticed a two-headed ogre
 13248 | D:9      | Killed a two-headed ogre
 13248 | D:9      | Reached XP level 10. HP: 72/72 MP: 18/20
 13340 | D:9      | Noticed a gargoyle
 13990 | D:9      | Found a snail-covered altar of Cheibriados.
 14205 | D:10     | Entered Level 10 of the Dungeon
 14364 | D:10     | Learned a level 3 spell: Tukima's Dance
 15501 | D:10     | Found a staircase to the Lair.
 15799 | D:10     | Reached *** piety under Kikubaaqudgha
 15799 | D:10     | Identified Kikubaaqudgha's Papyrus of Sinister Magic (Kikubaaqudgha gifted it to you on level 10 of the Dungeon)
 15799 | D:10     | Received a gift from Kikubaaqudgha
 15817 | D:10     | Learned a level 4 spell: Animate Dead
 15823 | D:10     | Learned a level 5 spell: Dispel Undead
 16657 | D:11     | Noticed Erica
 16666 | D:11     | Found a labyrinth entrance.
 16675 | Lab      | Entered a labyrinth
 17336 | Lab      | Noticed a gargoyle
 17579 | Lab      | Reached skill level 5 in Fighting
 18105 | Lab      | Noticed a minotaur
 18145 | Lab      | Killed a minotaur
 18149 | Lab      | Got a crude tin ring
 18210 | D:11     | Got a smoking long sword
 18514 | D:11     | Reached XP level 11. HP: 72/80 MP: 22/22
 18539 | D:11     | Found a staircase to the Orcish Mines.
 18944 | D:11     | Killed Erica
 19110 | D:11     | Found a portal to a secret trove of treasure.
 19565 | D:12     | Noticed Fannar
 19592 | D:11     | Identified the ring of the Snail {rElec rPois Str+3 Int+4 Dex+2} (You took it off a minotaur in a labyrinth)
 19944 | D:12     | Killed Fannar
 19944 | D:12     | Reached skill level 1 in Long Blades
 20477 | D:12     | Found a shimmering altar of Xom.
 20481 | D:12     | Noticed a two-headed ogre
 20694 | D:12     | Noticed Psyche
 20717 | D:12     | Reached skill level 5 in Armour
 20793 | D:12     | Killed Psyche
 21080 | D:12     | Killed a two-headed ogre
 21080 | D:12     | Reached skill level 2 in Long Blades
 21180 | D:12     | Noticed a two-headed ogre
 21415 | D:12     | Killed a two-headed ogre
 21646 | Lair:1   | Entered Level 1 of the Lair of Beasts
 21646 | Lair:1   | Noticed an oklob plant
 21985 | Lair:1   | Noticed a four-headed hydra
 22196 | Lair:1   | Killed a one-headed hydra
 22196 | Lair:1   | Reached skill level 3 in Long Blades
 22209 | Lair:1   | Got a steaming chain mail
 23215 | Lair:2   | Reached **** piety under Kikubaaqudgha
 23248 | Lair:2   | Reached skill level 4 in Long Blades
 23674 | Lair:2   | Reached XP level 12. HP: 87/87 MP: 25/25
 23776 | Lair:2   | Upgraded the game from 0.21-a0-513-gdcb3f5e to 0.21-a0-516-gaaff437
 24889 | Lair:3   | Reached skill level 10 in Hexes
 24945 | Lair:3   | Reached skill level 5 in Long Blades
 26093 | Lair:4   | Noticed a death yak
 26093 | Lair:4   | Noticed a death yak
 26094 | Lair:4   | Noticed a death yak
 26334 | Lair:3   | Killed a death yak
 26587 | Lair:4   | Found a dark tunnel.
 26620 | Lair:4   | Reached skill level 10 in Necromancy
 27052 | Lair:4   | Identified the +9 long sword of Disgust {drain, rF+} (You found it on level 11 of the Dungeon)
 27301 | Lair:4   | Found a staircase to the Swamp.
 27306 | Lair:4   | Found a hole to the Spider Nest.
 27536 | Lair:4   | Learned a level 2 spell: Blink
 27992 | Lair:4   | Reached skill level 6 in Long Blades
 28000 | Lair:4   | Reached ***** piety under Kikubaaqudgha
 28477 | Lair:4   | Found the +7 great mace "Undeadhunter" {disrupt, rN+}
 28710 | Lair:5   | Reached skill level 10 in Spellcasting
 28725 | Lair:5   | Found a viscous altar of Jiyva.
 28726 | Lair:5   | Found a staircase to the Slime Pits.
 28747 | Lair:5   | Noticed a four-headed hydra
 28774 | Lair:5   | Killed a one-headed hydra
 29737 | Lair:5   | Identified the cursed +0 chain mail "Teuter" {-Tele rElec rCorr Int-2} (You found it on level 1 of the Lair of Beasts)
 29874 | Lair:6   | Entered Level 6 of the Lair of Beasts
 29916 | Lair:6   | Noticed a four-headed hydra
 29989 | Lair:5   | Reached XP level 13. HP: 80/93 MP: 27/27
 30975 | Lair:6   | Reached skill level 7 in Long Blades
 34374 | Lair:6   | Reached skill level 8 in Long Blades
 37644 | Orc:1    | Entered Level 1 of the Orcish Mines
 37651 | Orc:1    | Noticed Scuka's ghost (journeyman GrEE)
 37659 | Orc:1    | Killed Scuka's ghost
 38099 | Orc:1    | Noticed an orc warlord
 38553 | D:13     | Found a gate to the Vaults.
 38553 | D:13     | Noticed Urug
 38553 | D:13     | Noticed Frances
 39176 | D:13     | Noticed Sonja
 39740 | D:12     | Reached XP level 14. HP: 42/99 MP: 18/29
 40042 | D:13     | HP: 1/99 [centaur warrior/arrow (21)]
 40662 | D:13     | Reached skill level 5 in Dodging
 40694 | D:13     | Noticed Azrael
 42656 | Orc:1    | Noticed Nergalle
 42707 | D:11     | Killed an orc warlord
 43143 | D:11     | Killed Nergalle
 43694 | Orc:1    | Noticed an orc warlord
 44092 | D:11     | Killed an orc warlord
 45080 | Orc:2    | Entered Level 2 of the Orcish Mines
 45283 | Orc:2    | Found a staircase to the Elven Halls.
 45419 | Orc:2    | Found a roughly hewn altar of Beogh.
 45513 | Orc:2    | Found Riorot's Antique Weapon Shoppe.
 45569 | Orc:2    | Noticed Rupert
 45637 | Orc:2    | Paralysed by Rupert for 5 turns
 45652 | Orc:2    | Killed Rupert
 47440 | Orc:2    | Reached ****** piety under Kikubaaqudgha
 48063 | Orc:2    | Noticed an orc warlord
 48102 | Orc:2    | Killed an orc warlord
 48134 | Orc:2    | Found Affa's General Store.
 48135 | Orc:2    | Found Qithept's Book Shop.
 48136 | Orc:2    | Found Yhour's Antique Armour Boutique.
 48136 | Orc:2    | Found Zugovi's Antique Weapon Boutique.
 48150 | Orc:2    | Bought a scroll of identify for 28 gold pieces
 48281 | Orc:2    | Bought a pair of glowing gloves for 180 gold pieces
 48957 | D:13     | Killed Sonja
 49159 | D:13     | Killed Urug
 49514 | D:13     | Killed Frances
 49932 | D:14     | Found Xuplius's Assorted Antiques.
 49955 | D:14     | Bought a potion of heal wounds for 115 gold pieces
 50321 | D:15     | Entered Level 15 of the Dungeon
 50548 | D:15     | Noticed Agnes
 50858 | D:15     | Found a staircase to the Depths.
 50858 | D:15     | Noticed a frost giant
 50865 | D:15     | Reached XP level 15. HP: 105/107 MP: 27/31
 50881 | D:15     | Killed a frost giant
 51331 | D:15     | HP: 5/107 [Agnes/vampiric lajatang (36)]
 51986 | D:14     | Bought a scroll of identify for 46 gold pieces
 52013 | D:14     | Killed Agnes
 52921 | Swamp:1  | Entered Level 1 of the Swamp
 52954 | Swamp:1  | Noticed Aizul
 52972 | Swamp:1  | Killed Aizul
 53289 | Swamp:1  | Upgraded the game from 0.21-a0-516-gaaff437 to 0.21-a0-522-ga8338f0
 54809 | Elf:1    | Entered Level 1 of the Elven Halls
 56011 | Swamp:1  | Noticed Josephine
 56316 | Swamp:1  | Killed Josephine
 59134 | Swamp:3  | Noticed Mara
 59157 | Swamp:2  | Noticed KarmaPolice's illusion
 59170 | Swamp:2  | Killed Mara
 59760 | Swamp:3  | Reached skill level 10 in Armour
 60161 | Swamp:3  | Reached XP level 16. HP: 111/115 MP: 26/32
 60193 | Swamp:3  | Noticed Nikola
 60211 | Swamp:3  | Killed Nikola
 60355 | Swamp:3  | Noticed Louise
 60365 | Swamp:3  | Killed Louise
 61396 | Swamp:4  | Entered Level 4 of the Swamp
 61941 | Swamp:3  | Reached skill level 9 in Long Blades
 62779 | Swamp:4  | Noticed a thorn hunter
 63691 | Swamp:4  | Noticed Armakuni's ghost (adept NaFi)
 63699 | Swamp:4  | Killed Armakuni's ghost
 64038 | Swamp:4  | Noticed a thorn hunter
 64061 | Swamp:4  | Killed a thorn hunter
 64170 | Swamp:4  | Noticed the 27-headed Lernaean hydra
 65225 | Swamp:4  | Killed a thorn hunter
 65320 | Swamp:4  | Noticed a thorn hunter
 65337 | Swamp:4  | Killed a thorn hunter
 65528 | Swamp:4  | Killed the 27-headed Lernaean hydra
 65568 | Swamp:4  | Got a decaying rune of Zot
 65629 | Swamp:4  | Reached skill level 10 in Long Blades
 65631 | Swamp:4  | Noticed a thorn hunter
 65642 | Swamp:4  | Killed a thorn hunter
 65647 | Swamp:4  | Noticed a thorn hunter
 65660 | Swamp:4  | Killed a thorn hunter
 66166 | Spider:1 | Entered Level 1 of the Spider Nest
 66850 | Spider:1 | Reached skill level 15 in Necromancy
 66859 | Spider:1 | Noticed Kirke
 66967 | Spider:1 | Killed Kirke
 68791 | Spider:2 | Noticed Arachne
 68808 | Spider:2 | Killed Arachne
 68833 | Spider:2 | Reached XP level 17. HP: 102/122 MP: 33/33
 68943 | Spider:2 | Noticed Jorgrun
 68952 | Spider:2 | Killed Jorgrun
 70057 | Spider:2 | Reached skill level 11 in Long Blades
 74538 | Orc:2    | Bought a book of Battle for 600 gold pieces
 74545 | Orc:2    | Learned a level 3 spell: Regeneration
 75242 | Spider:3 | Reached skill level 1 in Charms
 75257 | Spider:3 | Got a warped scimitar
 75268 | Spider:3 | Identified the +10 scimitar of Descent {freeze, rN+ Str+3} (You found it on level 3 of the Spider Nest)
 76116 | Spider:4 | Entered Level 4 of the Spider Nest
 76734 | Spider:4 | Noticed Roxanne
 76889 | Spider:4 | Killed Roxanne
 76894 | Spider:4 | Identified Roxanne's Incunabulum of Earth (You took it off Roxanne on level 4 of the Spider Nest)
 76926 | Spider:4 | Reached skill level 5 in Charms
 78359 | Spider:4 | Reached XP level 18. HP: 104/131 MP: 0/36
 78526 | Spider:4 | Got a gossamer rune of Zot
 79075 | Lair:1   | Learned a level 6 spell: Death Channel
 81749 | Elf:2    | Found Hograwodgh's Distillery.
 81994 | Elf:2    | Found the +4 dagger "Morg" {pain, MR+ Int+5}
 82057 | Elf:2    | Bought a potion of heal wounds for 90 gold pieces
 82057 | Elf:2    | Bought a potion of curing for 54 gold pieces
 82057 | Elf:2    | Bought a potion of agility for 72 gold pieces
 82119 | Elf:2    | Found Nisyck Tutz's Book Boutique.
 82183 | Elf:2    | Found an ancient bone altar of Kikubaaqudgha.
 82255 | Elf:2    | Found a runed gate.
 82255 | Elf:2    | Found a runed gate.
 82256 | Elf:2    | Found a runed gate.
 82395 | Elf:3    | Entered Level 3 of the Elven Halls
 82786 | Elf:3    | Reached skill level 12 in Long Blades
 82792 | Elf:3    | Reached skill level 1 in Shields
 83311 | Elf:2    | Upgraded the game from 0.21-a0-522-ga8338f0 to 0.21-a0-525-ga34b322
 83691 | Elf:3    | Cast into level 3 of the Abyss (a deep elf sorcerer)
 83715 | Abyss:3  | Noticed a hellephant
 83764 | Abyss:3  | Got a slimy great sword
 83783 | Elf:3    | Escaped the Abyss
 83797 | Elf:3    | Identified the +10 great sword of Slow Death {slice, Str+2} (You found it on level 3 of the Abyss)
 83835 | Elf:3    | Cast into level 3 of the Abyss (a deep elf sorcerer)
 83913 | Abyss:3  | Found a corrupted altar of Lugonu.
 83952 | Abyss:3  | Got a faintly humming plate armour
 84066 | Elf:3    | Escaped the Abyss
 84083 | Elf:1    | Identified the +8 plate armour "Tyipuom" {rPois MR+ Str+4 Stlth+} (You found it on level 3 of the Abyss)
 84375 | Vaults:1 | Entered Level 1 of the Vaults
 85082 | Vaults:1 | Paralysed by a hornet for 3 turns
 85900 | Vaults:1 | Reached XP level 19. HP: 136/136 MP: 37/37
 86255 | Vaults:2 | Noticed Sojobo
 86562 | Vaults:2 | Noticed Jory
 86570 | Vaults:2 | Killed Jory
 86570 | Vaults:2 | Reached skill level 5 in Shields
 86716 | Vaults:2 | Reached skill level 13 in Long Blades
 86900 | Vaults:2 | Noticed Frederick
 87416 | Vaults:2 | Found a staircase to the Crypt.
 87484 | Vaults:2 | Got a vibrating tin ring
 87813 | Vaults:1 | Got a brightly glowing robe
 87882 | Vaults:2 | Paralysed by an ogre mage for 3 turns
 87965 | Vaults:1 | Killed Frederick
 88157 | Vaults:2 | Noticed Boris
 88179 | Vaults:2 | Reached skill level 15 in Spellcasting
 88471 | Vaults:2 | Killed Boris
 89153 | Vaults:2 | Identified the +2 robe of Misanthropy {Str+4 Int+2} (You took it off an ogre mage on level 1 of the Vaults)
 89159 | Vaults:2 | Identified the ring of Emuhyoc {*Tele rPois rF- Dex+4 Stlth+} (You took it off a vault warden on level 2 of the Vaults)
 89228 | Vaults:2 | Found Pulegrofot's Antique Weapon Shop.
 91765 | Vaults:3 | Reached skill level 10 in Fighting
 91765 | Vaults:3 | Reached skill level 14 in Long Blades
 92627 | Depths:1 | Entered Level 1 of the Depths
 92672 | Depths:1 | Reached XP level 20. HP: 121/147 MP: 39/39
 93007 | Depths:1 | Found a gateway to Hell.
 93076 | Depths:1 | Found a runed door.
 93124 | Depths:1 | Noticed a caustic shrike
 93142 | Depths:1 | Killed a caustic shrike
 93482 | Depths:1 | Got a coiled jade amulet
 93870 | Depths:1 | Found a roughly hewn altar of Beogh.
 93892 | Depths:1 | Identified the amulet of Xom's Benevolence {Spirit rElec MR+} (You found it on level 1 of the Depths)
 94410 | Depths:2 | Reached skill level 10 in Short Blades
 94488 | Depths:2 | Found a runed door.
 94488 | Depths:2 | Found a runed door.
 94646 | Depths:2 | Found a gateway to a ziggurat.
 94923 | Depths:2 | Reached skill level 10 in Dodging
 95136 | Depths:2 | Noticed a caustic shrike
 95171 | Depths:2 | Killed a caustic shrike
 95171 | Depths:2 | Reached skill level 15 in Long Blades
 95441 | Depths:2 | Learned a level 3 spell: Recall
 95448 | Depths:2 | Learned a level 6 spell: Simulacrum
 96248 | Depths:2 | Found a blossoming altar of Fedhas.
 96249 | Depths:2 | Found a shadowy altar of Dithmenos.
 96249 | Depths:2 | Found a shadowy altar of Dithmenos.
 96249 | Depths:2 | Found an ornate altar of the Wu Jian Council.
 96801 | Depths:2 | Got a scorched glass ring
 96973 | Depths:2 | Reached XP level 21. HP: 154/154 MP: 40/40
 97284 | Depths:2 | Got a scintillating golden ring
 97286 | Depths:2 | Identified the Disquisition on Conjuration
 97294 | Depths:2 | Learned a level 5 spell: Bolt of Draining
 97311 | Depths:2 | Learned a level 5 spell: Silence
 97326 | Depths:2 | Identified the ring "Diny" {Wiz rC+ SInv Stlth+} (You found it on level 2 of the Depths)
 97327 | Depths:2 | Identified the ring "Qavvuem" {rPois Int+4 SInv} (You found it on level 2 of the Depths)
 97668 | Depths:2 | Reached skill level 1 in Air Magic
 97918 | Depths:3 | Noticed a juggernaut
 98748 | Orc:2    | Bought a scroll of teleportation for 42 gold pieces
 99565 | Elf:3    | Got a bloodstained glaive {vamp}
 99567 | Elf:3    | Identified the +2 glaive "Qiax" {vamp, rElec rF+ rC+ Stlth-} (You took it off a deep elf elementalist on level 3 of the Elven Halls)
 99900 | Elf:3    | Cast into level 3 of the Abyss (a deep elf sorcerer)
 99900 | Abyss:3  | Found a corrupted altar of Lugonu.
 99921 | Elf:3    | Escaped the Abyss
102151 | Elf:2    | Reached skill level 1 in Summonings
102465 | Elf:3    | Got a distressingly furry cloak
102468 | Elf:3    | Got a fine scimitar
102488 | Elf:3    | Identified the Disquisition on Gliding Poisoning
102559 | Elf:3    | Reached skill level 5 in Air Magic
102600 | Elf:3    | Identified the cursed -2 cloak of Xom's Condemnation {rF- rC+ rN+++ Str+5} (You found it on level 3 of the Elven Halls)
102601 | Elf:3    | Identified the +3 scimitar of the Modern Scars {flame, rPois rF+} (You found it on level 3 of the Elven Halls)
102723 | Elf:3    | Got a heavily runed amber ring
102724 | Elf:3    | Got a warped flail {protect}
102725 | Elf:3    | Identified the ring "Maonoc" {rF+ Str+4 Dex+3 SInv Stlth+} (You took it off a deep elf annihilator on level 3 of the Elven Halls)
102735 | Elf:3    | Identified the +2 flail of Equilibrium {protect, rN+} (You took it off a deep elf annihilator on level 3 of the Elven Halls)
102894 | Elf:3    | Got a steaming hand axe {venom}
102968 | Elf:3    | Got a smoking bone ring
103006 | Elf:3    | Got a transparent whip {distort}
103125 | Elf:3    | Upgraded the game from 0.21-a0-525-ga34b322 to 0.21-a0-528-gf531e82
103306 | Elf:2    | Bought a potion of agility for 72 gold pieces
103306 | Elf:2    | Bought a potion of agility for 72 gold pieces
103677 | Vaults:1 | Identified the ring of Agnosticism {+Fly rN+ Str+2} (You took it off a deep elf mage on level 3 of the Elven Halls)
104822 | Vaults:3 | Found Illelurph's Food Shop.
104877 | Vaults:3 | Reached skill level 16 in Long Blades
105818 | Vaults:4 | Reached XP level 22. HP: 155/161 MP: 42/42
105969 | Vaults:4 | Reached skill level 5 in Summonings
107343 | Vaults:4 | Got a transparent morningstar
107344 | Vaults:4 | Identified the +5 morningstar of the Reaper {flame, *Rage rElec Str+9} (You found it on level 4 of the Vaults)
107346 | Vaults:4 | Identified the cursed +3 whip "Atudis" {distort, +Fly rPois rF- Dex-3} (You took it off a deep elf mage on level 3 of the Elven Halls)
107378 | Vaults:4 | Reached skill level 17 in Long Blades
107690 | Vaults:4 | Upgraded the game from 0.21-a0-528-gf531e82 to 0.21-a0-536-gdbbf329
108426 | Elf:3    | Upgraded the game from 0.21-a0-536-gdbbf329 to 0.21-a0-552-g593960d
108838 | Depths:3 | Noticed a juggernaut
109088 | Depths:3 | Got a faintly glowing great mace {drain}
109090 | Depths:3 | Identified the +6 great mace of Defiance {drain, rN++ Dex+4} (You took it off a frost giant on level 3 of the Depths)
109279 | Depths:3 | Noticed Bai Suzhen
109342 | Depths:2 | Killed Bai Suzhen
109525 | Depths:3 | Noticed Boris
109547 | Depths:3 | Killed Boris
109886 | Depths:2 | Reached skill level 18 in Long Blades
110353 | Depths:3 | Found Ubeaxyl's Weapon Shoppe.
110706 | Depths:3 | Found a one-way gate leading to the halls of Pandemonium.
111229 | Depths:4 | Found a one-way gate to the infinite horrors of the Abyss.
111250 | Depths:4 | Noticed Xtahua
111641 | Depths:4 | Reached skill level 19 in Long Blades
111976 | Depths:4 | Noticed a golden dragon
111990 | Depths:4 | Killed a golden dragon
112028 | Depths:4 | Killed a juggernaut
112335 | Depths:4 | Noticed an ancient lich
112355 | Depths:4 | Killed an ancient lich
112363 | Depths:4 | Reached XP level 23. HP: 110/171 MP: 14/43
112814 | Depths:4 | Killed Xtahua
113101 | Depths:5 | Entered Level 5 of the Depths
113329 | Depths:5 | Got a clouded turquoise ring
113359 | Depths:5 | Killed a juggernaut
113650 | Depths:5 | Identified the ring "Pad Riq" {*Drain +Inv rPois MR+ Stlth+} (You took it off an orc wizard on level 5 of the Depths)
113831 | Depths:5 | Reached skill level 20 in Long Blades
114056 | Depths:5 | Got a translucent pewter ring
114059 | Depths:5 | Identified the ring of Xebagil {Fire rN+} (You found it on level 5 of the Depths)
114121 | Depths:5 | Learned a level 5 spell: Agony
114141 | Depths:5 | Reached skill level 15 in Armour
114186 | Depths:5 | Got a crystal broad axe
114270 | Depths:5 | Got a wavering lapis lazuli ring
114373 | Depths:5 | Identified the ring "Xane Iro" {+Inv rElec AC+3 Int-5} (You found it on level 5 of the Depths)
114454 | Depths:5 | Noticed Margery
115025 | Depths:5 | Found the +6 lightning scales {run, rElec}
115040 | Depths:5 | Paralysed by a floating eye for 4 turns
115048 | Depths:5 | Paralysed by a floating eye for 2 turns
115055 | Depths:5 | Paralysed by a floating eye for 3 turns
115078 | Depths:5 | Found Asoupp's Armour Emporium.
115403 | Depths:5 | Killed Margery
115587 | Depths:5 | Found a gate to the Realm of Zot.
115618 | Depths:5 | Found Quonuy's Gadget Emporium.
117351 | Vaults:5 | Entered Level 5 of the Vaults
117586 | Vaults:5 | Noticed an ancient lich
117602 | Vaults:5 | Noticed an ancient lich
117929 | Vaults:4 | Upgraded the game from 0.21-a0-552-g593960d to 0.21-a0-578-gc6e9d75
118284 | Vaults:5 | Reached XP level 24. HP: 159/179 MP: 21/43
118467 | Vaults:5 | Reached skill level 21 in Long Blades
118690 | Vaults:5 | Found Vaemots's Magic Scroll Shoppe.
118694 | Vaults:5 | Bought a scroll of identify for 22 gold pieces
118694 | Vaults:5 | Bought a scroll of enchant armour for 82 gold pieces
118694 | Vaults:5 | Bought a scroll of fear for 38 gold pieces
118694 | Vaults:5 | Bought a scroll of blinking for 82 gold pieces
118694 | Vaults:5 | Bought a scroll of identify for 22 gold pieces
118724 | Vaults:5 | Got a silver rune of Zot
118784 | Vaults:5 | Found Ycosijul's Food Shop.
119048 | Vaults:5 | Found Jathejushe's Food Shoppe.
119756 | Vaults:5 | Killed an ancient lich
119776 | Vaults:5 | Identified Nutar's Tome of Flight and Transformation
119793 | Vaults:5 | Identified the Almanac of Ensnaring Arcane Weapons
121647 | Vaults:5 | Got an ichor-stained great sword {freeze}
121664 | Vaults:5 | Identified the +5 great sword of Jeir {freeze, rN+ Int+2} (You took it off a tengu reaver on level 5 of the Vaults)
122255 | Vaults:2 | Killed Sojobo
122598 | D:11     | You paid a toll of 8 potions of agility to enter a treasure trove
122599 | Trove    | Entered a treasure trove
122607 | Trove    | Got a clouded amethyst amulet
122639 | Trove    | Got a brightly glowing platinum ring
122641 | Trove    | Identified the amulet "Adin" {Harm *Drain rElec Str+2 Int-3} (You found it in a treasure trove)
122643 | Trove    | Identified the ring of Daffodils {rF+ Int+4 Dex+4} (You found it in a treasure trove)
122645 | Trove    | Got a fine amber ring
122646 | Trove    | Identified the ring of Nameil {-Tele *Contam rElec Int+3 Slay+5} (You found it in a treasure trove)
123123 | Crypt:1  | Entered Level 1 of the Crypt
123798 | Crypt:1  | Reached skill level 15 in Dodging
124789 | Crypt:2  | Reached XP level 25. HP: 185/185 MP: 44/44
125238 | Crypt:3  | Entered Level 3 of the Crypt
125752 | Crypt:3  | Reached skill level 22 in Long Blades
125782 | Crypt:3  | Found an ancient bone altar of Kikubaaqudgha.
125984 | Crypt:3  | Noticed an ancient lich
125988 | Crypt:3  | Killed an ancient lich
126020 | Crypt:3  | Got a faintly glowing cloak
126030 | Crypt:3  | Identified the +2 cloak "Ritwi" {rF+ MP+9 Stlth+} (You found it on level 3 of the Crypt)
126760 | Crypt:3  | Found a staircase to the Tomb.
126771 | Crypt:3  | Identified the Almanac of Orthodoxy
126779 | Tomb:1   | Entered Level 1 of the Tomb of the Ancients
127484 | Tomb:1   | Noticed a greater mummy
127490 | Tomb:1   | Killed a greater mummy
127499 | Tomb:1   | Reached skill level 10 in Shields
127721 | Tomb:1   | Noticed a greater mummy
127765 | Tomb:1   | Noticed a greater mummy
127846 | Tomb:1   | Killed a greater mummy
127990 | Tomb:1   | Killed a greater mummy
128141 | Tomb:1   | Paralysed by a sphinx for 5 turns
128177 | Tomb:1   | Noticed a greater mummy
128190 | Tomb:1   | Killed a greater mummy
129341 | Zot:1    | Entered Level 1 of the Realm of Zot
130191 | Zot:1    | Reached XP level 26. HP: 155/192 MP: 44/44
131134 | Zot:2    | Reached skill level 23 in Long Blades
131599 | Zot:2    | Got a twisted ring mail
132265 | Zot:3    | Noticed an orb of fire
132278 | Zot:3    | Gained mutation: You are weak. (Str -2) [an orb of fire]
132283 | Zot:3    | Gained mutation: Your spells are a little easier to cast, but a little less powerful. [an orb of fire]
132291 | Zot:3    | Gained mutation: You tend to lose your temper in combat. [an orb of fire]
132766 | Zot:3    | Gained mutation: Your spells are easier to cast, but less powerful. [an orb of fire]
132776 | Zot:3    | Gained mutation: Potions are less effective at restoring your health. [an orb of fire]
132781 | Zot:3    | Gained mutation: Your spells are much easier to cast, but much less powerful. [an orb of fire]
132783 | Zot:3    | Killed an orb of fire
133891 | Zot:4    | Got a smoking chain mail
133897 | Zot:4    | Identified the cursed +0 ring mail of the Skies Above {*Contam rN++ Str+5} (You found it on level 2 of the Realm of Zot)
133900 | Zot:4    | Identified the +7 chain mail of the Blizzard {rF+} (You found it on level 4 of the Realm of Zot)
135176 | Orc:2    | Bought a potion of curing for 42 gold pieces
135176 | Orc:2    | Bought a scroll of enchant weapon for 105 gold pieces
135176 | Orc:2    | Bought a scroll of fear for 49 gold pieces
135362 | Elf:2    | Bought 2 potions of curing for 108 gold pieces
135362 | Elf:2    | Bought a potion of brilliance for 72 gold pieces
135362 | Elf:2    | Bought a potion of haste for 180 gold pieces
135881 | Elf:2    | Upgraded the game from 0.21-a0-578-gc6e9d75 to 0.21-a0-584-g185da8e
135906 | Elf:1    | Upgraded the game from 0.21-a0-584-g185da8e to 0.22-a0
136241 | Hell     | Entered the Vestibule of Hell
136241 | Hell     | Noticed Geryon
136307 | Depths:1 | Gained mutation: You expend magic power (3 MP) to strengthen your wands. [a cacodemon]
136347 | Depths:1 | Gained mutation: Your body sometimes deteriorates upon taking damage. [a cacodemon]
136377 | Depths:1 | Gained mutation: Your magical capacity is low. (-10% MP) [a cacodemon]
136490 | Depths:1 | Reached XP level 27. HP: 172/198 MP: 39/39
138124 | Hell     | Killed Geryon
138322 | Hell     | Found a gateway to the Iron City of Dis.
138392 | Hell     | Found a gateway to the freezing wastes of Cocytus.
138514 | Hell     | Reached skill level 24 in Long Blades
138627 | Hell     | Found a gateway to the ashen valley of Gehenna.
138755 | Hell     | Found a gateway to the decaying netherworld of Tartarus.
138931 | Geh:1    | Entered Level 1 of Gehenna
139751 | Geh:1    | Noticed Dirtsage's ghost (legendary GrFi)
139975 | Geh:1    | Killed Dirtsage's ghost
140378 | Geh:1    | Killed from afar by a hellion

Vault maps used:
D:1:      saegor_arrival_simple_b
D:3:      minitemple, first_bread, corner_web_ring, uniq_sigmund
D:4:      minmay_temple_entry_junction, hangedman_abyss_or_decor_lesser_grid,
          dk_noncrumbling_4
D:5:      gammafunk_wand_slinger, eat_drink_and_be_merry_uskayaw,
          grunt_ministairs_12, minmay_item_behind_shaft, corexii_corridor_pit,
          minivault_23, minivault_5
D:6:      kennysheep_little_box
D:7:      the_bakery, grunt_ministairs_14, dk_vineyard_1, uniq_duvessa
D:9:      old_standard_altar, cheibrodos_worm_habitat
D:10:     david_lair_shrubbed
D:11:     david_orc_4, lab_entry_generic, nicolae_trove_entry_crystal,
          uniq_erica
D:12:     xom_teletrap_fun, uniq_psyche, uniq_fannar
D:13:     david_vaults_3, uniq_azrael, uniq_sonja, uniq_frances
D:14:     serial_shops, shop, abandoned_shop, minmay_holes,
          minmay_statue_bubble, uniq_urug
D:15:     grunt_enter_depths_snipers, hangedman_decor_growths, uniq_agnes
Temple:   minmay_temple_curvy_loop
Lair:1:   dpeg_stationary_puzzle
Lair:2:   beast_lair_carwin_9, lemuel_fruit_fields, grunt_megastairs_3,
          infiniplex_staircase_pool_2
Lair:3:   grunt_megastairs_2
Lair:4:   minmay_swamp_entry_eels, dummy_spider_entry,
          nicolae_volcano_entry_two_sided, worms_lemuel
Lair:5:   dpeg_slime_entry_enclosed_altar
Lair:6:   evilmike_catoblepas_cave, roderic_batcave, cheibrodos_lair_lostbears
Swamp:1:  evilmike_swamp_ruin_house_4, uniq_aizul, uniq_josephine
Swamp:2:  evilmike_swamp_ruin_house_6
Swamp:3:  nicolae_swamp_triple_paths, uniq_nikola, uniq_mara, uniq_louise
Swamp:4:  grunt_swamp_rune_castle
Spider:1: uniq_kirke
Spider:2: nicolae_spider_hall_of_the_moth_king, uniq_arachne, uniq_jorgrun
Spider:3: spider_trap, nicolae_orb_stairs
Spider:4: grunt_spider_rune_parallel, uniq_roxanne
Orc:1:    minmay_orc_treasury, uniq_nergalle
Orc:2:    st_orc_congregation, serial_shops, nicolae_shop_overgrown_old_shop,
          basic_altar, statue_in_the_mist_lemuel, uniq_rupert
Elf:1:    minivault_28, grunt_ministairs_11, minivault_4
Elf:2:    serial_shops, shop, nicolae_shop_stone, basic_altar,
          basic_stair_grate_trap, lemuel_elevator
Elf:3:    minmay_elf_hall_hex, lemuel_flamethrower_3
Vaults:1: nicolae_vaults_quadrants, nicolae_vaults_yaktaur_gun_rack,
          v_alt_pattern_1, v_rooms_4, vaults_room_fancy_cross, v_misc_14,
          nicolae_vaults_network_barrier, vaults_standard_mumra_lines,
          v_misc_29, nicolae_vaults_mini_display_case
Vaults:2: minmay_crypt_entry_simple_sparse, st_quartered_hall,
          hangedman_vaults_trim, hangedman_vaults_pinch, nicolae_vaults_theta,
          v_pattern_4, vaults_dpeg_hooks, v_misc_9, grunt_vaults_funnel,
          serial_shops, nicolae_shop_overgrown_old_shop, uniq_jory, uniq_sojobo,
          uniq_frederick, uniq_boris
Vaults:3: hangedman_vaults_nails, hangedman_vaults_hat,
          nicolae_vaults_hallways_thing, grunt_vaults_hallway_long, v_misc_16,
          v_pattern_3, hangedman_vaults_capsules,
          nicolae_vaults_little_squares_4, st_lattice, ontoclasm_vaults_eye,
          v_misc_28, serial_shops, shop
Vaults:4: v_alt_pattern_4, v_rooms_1, hangedman_vaults_variations, v_rooms_2,
          nicolae_vaults_network_s, vaults_room_hangedman_quadrants,
          grunt_vaults_focal, ontoclasm_vaults_loading_screen, v_misc_5,
          nicolae_vaults_gold_heap, v_misc_26
Crypt:1:  grunt_crypt_arrival_guarded_gate, grunt_megastairs_1
Crypt:3:  evilmike_haunted_forest
Depths:1: minmay_chopped_fan, hell_entry, hangedman_abyss_or_decor_passed,
          minmay_misc_feat_chi, lightli_church_of_beogh,
          infiniplex_staircase_pool_lava
Depths:2: minmay_the_grid_ultimate, hell_entry
Depths:3: minmay_concentric_multi, serial_shops, nicolae_shop_crystal,
          rand_demon_pan_entry_3, hell_entry, infiniplex_staircase_zigzag_3,
          serial_bayou_shore_a, uniq_boris, uniq_bai_suzhen
Depths:4: minmay_textured_paths, abyss_entry, hell_entry, serial_bayou,
          serial_bayou_pond_c, serial_bayou_lagoon_b, serial_bayou_pond_b,
          serial_bayou_lagoon_a, uniq_xtahua
Depths:5: hangedman_spin_cycle, hell_entry, abyss_entry
Zot:1:    st_stairs_5
Abyss:3:  evilmike_abyss_rune_elephants_shrine
Lab:      labyrinth_spiral, nicolae_lab_big_swirl, nicolae_lab_grate,
          nicolae_lab_grate_2, lab_statue
Trove:    trove_simple

Skill      XL: |  1  2  3  4  5  6  7  8  9 10 11 12 13 14 15 16 17 18 19 20 21 22 23 24 25 26 27 |
---------------+----------------------------------------------------------------------------------+-----
Fighting       | 2 3 4 5 6 7 8 10 11 12 | 12.4
Short Blades   | 3 4 5 6 7 8 9 11 | 11.8
Throwing       | 2 |  2.1
Spellcasting   | 1 2 4 5 6 7 9 10 11 12 14 15 16 17 | 17.2
Armour         | 2 3 4 6 7 8 10 11 12 13 14 15 | 15.1
Hexes          | 5 7 9 10 11 12 14 | 14.5
Conjurations   | 2 |  2.3
Necromancy     | 2 5 7 9 10 12 13 14 15 16 17 | 17.4
Long Blades    | 4 6 8 10 11 12 14 15 16 19 20 21 22 23 24 | 24.2
Dodging        | 4 6 8 11 12 13 15 17 19 | 19.8
Charms         | 6 7 |  7.6
Shields        | 4 5 7 11 13 14 | 14.2
Air Magic      | 5 6 8 |  8.3
Summonings     | 4 6 |  6.2
Stealth        | |  5.8

Action                   |  1- 3 |  4- 6 |  7- 9 | 10-12 | 13-15 | 16-18 | 19-21 | 22-24 | 25-27 || total
-------------------------+-------+-------+-------+-------+-------+-------+-------+-------+-------++-------
Melee: Dagger            |   128 |   336 |   551 |   388 |       |       |   185 |       |       ||  1588
       Bite              |    10 |    32 |    64 |   147 |   288 |   383 |   464 |   486 |   556 ||  2430
       Unarmed           |       |    10 |    32 |    31 |    17 |     1 |       |     2 |       ||    93
       Staff             |       |       |     1 |       |       |       |       |       |       ||     1
       Short sword       |       |       |       |    44 |       |       |       |       |       ||    44
       Rapier            |       |       |       |   233 |       |       |       |       |       ||   233
       Scimitar          |       |       |       |    20 |    31 |   364 |    92 |       |       ||   507
       Long sword        |       |       |       |   139 |  1172 |  1331 |  1440 |   727 |   677 ||  5486
       Great sword       |       |       |       |       |       |       |   289 |  1029 |  1342 ||  2660
 Fire: Blowgun           |       |    24 |    71 |    89 |       |       |       |       |       ||   184
 Cast: Dazzling Spray    |       |       |    22 |     1 |    48 |    56 |    73 |     3 |       ||   203
       Confuse           |       |       |     9 |    75 |   154 |    71 |    27 |    19 |     1 ||   356
       Animate Dead      |       |       |       |    29 |    69 |   173 |   114 |   119 |    60 ||   564
       Dispel Undead     |       |       |       |     3 |    26 |     9 |    50 |    73 |    78 ||   239
       Control Undead    |       |       |       |     2 |       |     1 |     1 |     1 |     1 ||     6
       Tukima's Dance    |       |       |       |       |    86 |    24 |    56 |    38 |     2 ||   206
       Regeneration      |       |       |       |       |       |    85 |   171 |   151 |   176 ||   583
       Blink             |       |       |       |       |       |     3 |     9 |     7 |     5 ||    24
       Recall            |       |       |       |       |       |       |     1 |     7 |       ||     8
       Death Channel     |       |       |       |       |       |       |       |     2 |       ||     2
Invok: Receive Corpses   |       |       |       |     5 |     8 |    13 |    18 |    12 |     6 ||    62
 Abil: Bat Form          |     1 |    18 |    68 |   113 |    82 |    70 |    27 |    77 |    15 ||   471
       End Transformatio |     1 |    18 |    68 |   113 |    82 |    70 |    27 |    77 |    14 ||   470
Evoke: Wand              |       |       |       |       |     2 |     5 |       |       |     2 ||     9
  Use: Potion            |       |     5 |    16 |    34 |    63 |    52 |    50 |    50 |    45 ||   315
       Scroll            |       |       |    10 |     8 |    19 |    15 |    24 |    37 |     8 ||   121
 Stab: Sleeping          |    12 |    15 |    16 |    29 |     7 |     6 |     1 |     6 |       ||    92
       Distracted        |     1 |       |     1 |     4 |    14 |    21 |     8 |    26 |    27 ||   102
       Confused          |       |       |     3 |    35 |    78 |    44 |    22 |     5 |     2 ||   189
       Invisible         |       |       |       |       |     1 |    12 |     9 |       |       ||    22
       Fleeing           |       |       |       |       |       |       |       |     1 |       ||     1
  Eat: Corpse            |       |     2 |     1 |     3 |     7 |     6 |    12 |    10 |     4 ||    45
Armor: Robe              |    25 |    68 |   170 |   170 |   132 |       |       |       |       ||   565
       Leather armour    |       |       |       |       |    98 |       |       |       |       ||    98
       Chain mail        |       |       |       |       |   153 |   927 |   791 |   423 |       ||  2294
       Plate armour      |       |       |       |       |       |       |       |   170 |       ||   170
       Gold dragon scale |       |       |       |       |       |       |       |   489 |  1411 ||  1900
Dodge: Dodged            |    74 |   166 |   297 |   361 |   828 |  1021 |   987 |  1268 |  1610 ||  6612
       Deflected         |       |       |       |       |       |    32 |    90 |    28 |       ||   150
Block: Buckler           |       |       |       |       |       |   107 |   454 |    67 |       ||   628
       Shield            |       |       |       |       |       |       |       |       |   376 ||   376
       Rpst.: Scimitar   |       |       |       |     5 |     3 |    51 |    13 |       |       ||    72
       Long sword        |       |       |       |    23 |   201 |   174 |   141 |    69 |    47 ||   655
       Great sword       |       |       |       |       |       |       |    21 |   164 |   269 ||   454

Table legend:
 A = Spawn XP
 B = Non-spawn XP
 C = Spawn XP percentage of total XP
 D = Spawn monster count
 E = Non-spawn monster count
 F = Spawn count percentage of total count
 G = Total turns spent on level
                    A         B        C        D         E        F      G
               +---------+---------+-------+---------+---------+-------+---------
         Total |     164 | 1596051 |   0.0 |       1 |    2571 |   0.0 | 140378
               +---------+---------+-------+---------+---------+-------+---------
           D:1 |       0 |      56 |   0.0 |       0 |      31 |   0.0 |   965
           D:2 |       0 |     146 |   0.0 |       0 |      38 |   0.0 |  1351
           D:3 |       0 |     286 |   0.0 |       0 |      25 |   0.0 |   980
           D:4 |       0 |     156 |   0.0 |       0 |       8 |   0.0 |  1704
           D:5 |       0 |     478 |   0.0 |       0 |      20 |   0.0 |  1283
           D:6 |       0 |    1302 |   0.0 |       0 |      24 |   0.0 |  2228
           D:7 |       0 |    1904 |   0.0 |       0 |      30 |   0.0 |  2619
           D:8 |       0 |     668 |   0.0 |       0 |       6 |   0.0 |  1477
           D:9 |       0 |    1595 |   0.0 |       0 |      28 |   0.0 |  2187
          D:10 |       0 |    2249 |   0.0 |       0 |      27 |   0.0 |  2196
          D:11 |       0 |    9083 |   0.0 |       0 |      49 |   0.0 |  7139
          D:12 |       0 |    6471 |   0.0 |       0 |      31 |   0.0 |  4378
          D:13 |       0 |   13597 |   0.0 |       0 |      35 |   0.0 |  2477
          D:14 |       0 |    5496 |   0.0 |       0 |      15 |   0.0 |  1893
          D:15 |       0 |   12903 |   0.0 |       0 |      23 |   0.0 |  1897
        Lair:1 |       0 |    2413 |   0.0 |       0 |      11 |   0.0 |  2266
        Lair:2 |       0 |    4714 |   0.0 |       0 |      26 |   0.0 |  1723
        Lair:3 |       0 |    5113 |   0.0 |       0 |      16 |   0.0 |  2148
        Lair:4 |       0 |    5980 |   0.0 |       0 |      36 |   0.0 |  4293
        Lair:5 |       0 |    8402 |   0.0 |       0 |      26 |   0.0 |  3223
        Lair:6 |       0 |   16305 |   0.0 |       0 |      57 |   0.0 |  5393
       Swamp:1 |       0 |   22423 |   0.0 |       0 |      60 |   0.0 |  2353
       Swamp:2 |       0 |   15396 |   0.0 |       0 |      21 |   0.0 |  2167
       Swamp:3 |       0 |   12253 |   0.0 |       0 |      35 |   0.0 |  3425
       Swamp:4 |       0 |   35166 |   0.0 |       0 |      71 |   0.0 |  2910
      Spider:1 |       0 |   12031 |   0.0 |       0 |      27 |   0.0 |  2516
      Spider:2 |       0 |   31450 |   0.0 |       0 |      73 |   0.0 |  4729
      Spider:3 |       0 |   12938 |   0.0 |       0 |      47 |   0.0 |   880
      Spider:4 |       0 |   35300 |   0.0 |       0 |      91 |   0.0 |  2404
         Orc:1 |       0 |    7204 |   0.0 |       0 |      61 |   0.0 |  1561
         Orc:2 |       0 |   16036 |   0.0 |       0 |      84 |   0.0 |  4071
         Elf:1 |       0 |   20323 |   0.0 |       0 |      38 |   0.0 |  2526
         Elf:2 |       0 |   42796 |   0.0 |       0 |      57 |   0.0 |  3123
         Elf:3 |       0 |   71428 |   0.0 |       0 |      62 |   0.0 |  4215
      Vaults:1 |       0 |   52192 |   0.0 |       0 |      90 |   0.0 |  3260
      Vaults:2 |       0 |   58536 |   0.0 |       0 |      65 |   0.0 |  5019
      Vaults:3 |       0 |   57961 |   0.0 |       0 |      89 |   0.0 |  2848
      Vaults:4 |       0 |   66901 |   0.0 |       0 |      81 |   0.0 |  3793
      Vaults:5 |       0 |  118913 |   0.0 |       0 |      99 |   0.0 |  3604
       Crypt:1 |       0 |   37152 |   0.0 |       0 |      56 |   0.0 |  1211
       Crypt:2 |       0 |   23143 |   0.0 |       0 |      33 |   0.0 |   817
       Crypt:3 |       0 |   65415 |   0.0 |       0 |      93 |   0.0 |  1928
        Tomb:1 |       0 |   56462 |   0.0 |       0 |      55 |   0.0 |  1764
      Depths:1 |       0 |   40352 |   0.0 |       0 |      67 |   0.0 |  2043
      Depths:2 |       0 |  117180 |   0.0 |       0 |     104 |   0.0 |  6770
      Depths:3 |       0 |   50112 |   0.0 |       0 |      61 |   0.0 |  2289
      Depths:4 |       0 |   52648 |   0.0 |       0 |      40 |   0.0 |  2211
      Depths:5 |       0 |   99656 |   0.0 |       0 |      93 |   0.0 |  2592
          Hell |       0 |   46681 |   0.0 |       0 |      70 |   0.0 |  1735
         Geh:1 |       0 |   39905 |   0.0 |       0 |      69 |   0.0 |   622
         Zot:1 |       0 |   48410 |   0.0 |       0 |      29 |   0.0 |  1314
         Zot:2 |       0 |   37660 |   0.0 |       0 |      25 |   0.0 |   996
         Zot:3 |       0 |   54960 |   0.0 |       0 |      31 |   0.0 |  1516
         Zot:4 |       0 |   36165 |   0.0 |       0 |      25 |   0.0 |  1117
       Abyss:3 |     164 |       0 | 100.0 |       1 |       0 | 100.0 |   344
           Lab |       0 |    1586 |   0.0 |       0 |       7 |   0.0 |  1495
               +---------+---------+-------+---------+---------+-------+---------
